General information
- name: BNet
- type: Ladder team game (AT/RT)
- host: Battle.net
- saver: GERALT-OF-RIVIA
map: Mur'gulOasis
- players: 8
- length: 53:12
- speed: Fast
- version: 1.27 W3XP
- replay type: Public
» download(234 KB)
Players
team 1 (winner)
Clinton (
blue | 73 APM | 3870 actions | 52:52)
10 Blademaster
3 Wind Walk
3 Critical Strike
1 Bladestorm
3 Mirror Image
» actions
| Assign group hotkey | 105 | |
| Basic commands | 65 | |
| Build / train | 116 | |
| ESC pressed | 1 | |
| Enter build submenu | 44 | |
| Enter hero's abilities submenu | 12 | |
| Give item / drop item | 14 | |
| Right click | 1789 | |
| Select / deselect | 383 | |
| Select group hotkey | 895 | |
| Use ability | 446 | |
3870 total
» units
| Peon | 12 | |
| Grunt | 4 | |
| Wind Rider | 1 | |
| Raider | 7 | |
| Tauren | 1 | |
25 total
» upgrades
| Berserker Strength | 1 | |
| Armor | 3 | |
| Ranged Weapons | 3 | |
| Reinforced Defenses | 1 | |
| Pillage | 1 | |
| Spiked Barricades | 4 | |
| Ensnare | 3 | |
| Envenomed Spears | 1 | |
| Melee Weapons | 3 | |
| Backpack | 1 | |
| Liquid Fire | 1 | |
| War Drums Damage Increase | 1 | |
| Berserker Upgrade | 1 | |
| Burning Oil | 1 | |
| Troll Regeneration | 1 | |
26 total
» buildings
| Orc Burrow | 5 | |
| Altar of Storms | 1 | |
| Barracks | 1 | |
| Voodoo Lounge | 2 | |
| Stronghold | 4 | |
| War Mill | 1 | |
| Fortress | 1 | |
| Watch Tower | 26 | |
| Beastiary | 2 | |
| Great Hall | 2 | |
45 total
» build order
00:10 Orc Burrow
00:57 Orc Burrow
01:07 Altar of Storms
01:09 Barracks
01:35 Voodoo Lounge
02:22 Orc Burrow
03:44 Stronghold
03:44 Stronghold
05:14 War Mill
05:19 Orc Burrow
06:12 Fortress
07:05 Watch Tower
07:06 Watch Tower
07:12 Watch Tower
09:21 Beastiary
09:25 Beastiary
10:02 Watch Tower
10:04 Watch Tower
13:49 Watch Tower
13:53 Watch Tower
15:29 Voodoo Lounge
15:34 Orc Burrow
15:43 Watch Tower
15:50 Watch Tower
16:23 Watch Tower
16:25 Watch Tower
16:28 Watch Tower
22:42 Watch Tower
22:43 Watch Tower
22:43 Watch Tower
22:44 Watch Tower
22:46 Watch Tower
23:50 Watch Tower
25:17 Great Hall
25:38 Watch Tower
25:39 Watch Tower
25:40 Watch Tower
25:41 Watch Tower
26:11 Great Hall
27:17 Watch Tower
27:18 Watch Tower
27:19 Watch Tower
27:21 Watch Tower
» items
| Healing Salve | 9 | |
| Lesser Clarity Potion | 7 | |
| Boots of Speed | 1 | |
| Scroll of Town Portal | 3 | |
| Orb of Lightning | 1 | |
| Potion of Healing | 1 | |
| Potion of Mana | 1 | |
| Tiny Great Hall | 2 | |
| Staff of Teleportation | 1 | |
26 total
Old_Cracker_Jac (
purple | 27 APM | 1461 actions | 53:12)
7 Demon Hunter
3 Mana Burn
3 Evasion
1 Metamorphosis
3 Shadow Hunter
2 Serpent Ward
1 Big Bad Voodoo
» actions
| Assign group hotkey | 9 | |
| Basic commands | 60 | |
| Build / train | 91 | |
| Enter build submenu | 21 | |
| Enter hero's abilities submenu | 10 | |
| Give item / drop item | 1 | |
| Right click | 613 | |
| Select / deselect | 545 | |
| Select group hotkey | 43 | |
| Use ability | 65 | |
1461 total
» units
| Wisp | 14 | |
| Archer | 17 | |
| Hippogryph | 13 | |
| Chimaera | 6 | |
| Tauren | 6 | |
| Troll Batrider | 5 | |
61 total
» upgrades
| Ultravision | 1 | |
| Strength of the Moon | 1 | |
| Improved Bows | 1 | |
| Hippogryph Taming | 1 | |
| Moon Armor | 1 | |
| Corrosive Breath | 1 | |
| Pulverize | 1 | |
| Reinforced Defenses | 1 | |
| Strength of the Wild | 1 | |
| Nature's Blessing | 1 | |
| Berserker Upgrade | 1 | |
| Troll Regeneration | 1 | |
| Liquid Fire | 1 | |
| Ranged Weapons | 1 | |
14 total
» buildings
| Altar of Elders | 1 | |
| Moon Well | 7 | |
| Ancient of War | 1 | |
| Hunter's Hall | 1 | |
| Tree of Ages | 1 | |
| Ancient Protector | 1 | |
| Ancient of Wind | 2 | |
| Ancient of Wonders | 1 | |
| Tree of Eternity | 1 | |
| Chimaera Roost | 2 | |
| Orc Burrow | 1 | |
| Beastiary | 4 | |
23 total
» build order
00:12 Altar of Elders
00:15 Moon Well
01:11 Moon Well
01:23 Ancient of War
02:15 Moon Well
02:22 Hunter's Hall
03:22 Moon Well
03:50 Tree of Ages
03:56 Moon Well
04:27 Ancient Protector
06:13 Ancient of Wind
06:33 Ancient of Wind
07:04 Moon Well
08:39 Moon Well
09:29 Ancient of Wonders
09:31 Tree of Eternity
11:56 Chimaera Roost
12:00 Chimaera Roost
17:17 Orc Burrow
25:30 Beastiary
25:33 Beastiary
25:37 Beastiary
25:44 Beastiary
» items
| Healing Salve | 1 | |
| Orb of Lightning | 1 | |
| Orb of Venom | 1 | |
3 total
BigSlayer (
yellow | 24 APM | 388 actions | 15:58)
1 Shadow Hunter
1 Healing Wave
» actions
| Build / train | 26 | |
| Enter build submenu | 13 | |
| Enter hero's abilities submenu | 1 | |
| Right click | 145 | |
| Select / deselect | 173 | |
| Use ability | 30 | |
388 total
» units
» upgrades
| Melee Weapons | 1 | |
| Armor | 1 | |
| Spiked Barricades | 1 | |
3 total
» buildings
| Altar of Storms | 1 | |
| Orc Burrow | 7 | |
| Barracks | 1 | |
| War Mill | 1 | |
| Voodoo Lounge | 1 | |
| Stronghold | 1 | |
12 total
» build order
00:14 Altar of Storms
00:18 Orc Burrow
00:24 Barracks
02:11 War Mill
02:27 Orc Burrow
02:49 Voodoo Lounge
03:45 Orc Burrow
06:15 Orc Burrow
06:18 Orc Burrow
08:02 Stronghold
08:42 Orc Burrow
11:41 Orc Burrow
Haventhrow (
teal | 28 APM | 378 actions | 13:16)
3 Shadow Hunter
2 Healing Wave
1 Serpent Ward
» actions
| Build / train | 31 | |
| Enter build submenu | 16 | |
| Enter hero's abilities submenu | 3 | |
| Right click | 214 | |
| Select / deselect | 90 | |
| Use ability | 24 | |
378 total
» units
» upgrades
| Armor | 2 | |
| Melee Weapons | 2 | |
| Berserker Strength | 1 | |
5 total
» buildings
| Orc Burrow | 6 | |
| Altar of Storms | 1 | |
| Barracks | 1 | |
| War Mill | 1 | |
| Stronghold | 1 | |
| Voodoo Lounge | 1 | |
| Fortress | 1 | |
| Watch Tower | 3 | |
| Tauren Totem | 3 | |
18 total
» build order
00:15 Orc Burrow
00:42 Altar of Storms
00:59 Barracks
01:47 War Mill
02:15 Orc Burrow
05:08 Orc Burrow
06:34 Orc Burrow
06:36 Stronghold
07:59 Voodoo Lounge
08:48 Orc Burrow
09:40 Fortress
10:36 Orc Burrow
10:53 Watch Tower
11:00 Watch Tower
11:35 Watch Tower
12:03 Tauren Totem
12:17 Tauren Totem
12:36 Tauren Totem
team 2 (loser)
GERALT-OF-RIVIA (
red | 58 APM | 3091 actions | 53:12)
8 Blademaster
3 Critical Strike
3 Wind Walk
2 Mirror Image
8 Shadow Hunter
3 Hex
3 Healing Wave
1 Big Bad Voodoo
1 Serpent Ward
» actions
| Assign group hotkey | 61 | |
| Basic commands | 136 | |
| Build / train | 74 | |
| Enter build submenu | 31 | |
| Enter hero's abilities submenu | 17 | |
| Give item / drop item | 6 | |
| Right click | 1303 | |
| Select / deselect | 337 | |
| Select group hotkey | 919 | |
| Use ability | 207 | |
3091 total
» units
| Peon | 18 | |
| Grunt | 3 | |
| Wind Rider | 8 | |
| Troll Batrider | 9 | |
38 total
» upgrades
| Reinforced Defenses | 1 | |
| Envenomed Spears | 1 | |
| Ranged Weapons | 2 | |
| Armor | 2 | |
6 total
» buildings
| Altar of Storms | 1 | |
| Orc Burrow | 9 | |
| Barracks | 1 | |
| Stronghold | 1 | |
| Voodoo Lounge | 1 | |
| War Mill | 1 | |
| Beastiary | 3 | |
| Fortress | 1 | |
| Great Hall | 3 | |
| Watch Tower | 22 | |
43 total
» build order
00:07 Altar of Storms
00:22 Orc Burrow
00:36 Barracks
01:24 Orc Burrow
02:40 Stronghold
02:56 Voodoo Lounge
03:31 War Mill
03:52 Orc Burrow
04:20 Orc Burrow
05:02 Beastiary
05:03 Beastiary
07:08 Fortress
07:28 Orc Burrow
09:44 Great Hall
09:47 Watch Tower
09:49 Watch Tower
10:25 Watch Tower
10:25 Watch Tower
10:47 Watch Tower
11:00 Watch Tower
11:52 Watch Tower
11:53 Watch Tower
11:53 Watch Tower
12:27 Great Hall
12:35 Orc Burrow
13:18 Beastiary
13:21 Orc Burrow
13:27 Watch Tower
13:27 Watch Tower
15:54 Great Hall
17:07 Watch Tower
17:07 Watch Tower
19:16 Watch Tower
19:17 Watch Tower
19:17 Watch Tower
19:18 Watch Tower
21:03 Watch Tower
21:04 Watch Tower
21:04 Watch Tower
21:04 Watch Tower
21:06 Watch Tower
29:25 Orc Burrow
29:45 Orc Burrow
» items
| Healing Salve | 3 | |
| Staff of Teleportation | 2 | |
| Scroll of Healing | 1 | |
| Potion of Lesser Invulnerability | 1 | |
7 total
Silver07 (
pink | 35 APM | 1834 actions | 51:56)
5 Death Knight
3 Death Coil
1 Unholy Aura
1 Death Pact
2 Lich
1 Frost Nova
1 Frost Armor
» actions
| Assign group hotkey | 18 | |
| Basic commands | 3 | |
| Build / train | 62 | |
| ESC pressed | 1 | |
| Enter build submenu | 19 | |
| Enter hero's abilities submenu | 7 | |
| Give item / drop item | 1 | |
| Right click | 1041 | |
| Select / deselect | 325 | |
| Select group hotkey | 281 | |
| Use ability | 75 | |
1834 total
» units
| Acolyte | 5 | |
| Ghoul | 4 | |
| Crypt Fiend | 9 | |
| Obsidian Statue | 4 | |
| Frost Wyrm | 9 | |
| Gargoyle | 2 | |
33 total
» upgrades
» buildings
| Crypt | 1 | |
| Graveyard | 1 | |
| Ziggurat | 8 | |
| Altar of Darkness | 1 | |
| Tomb of Relics | 1 | |
| Nerubian Tower | 1 | |
| Halls of the Dead | 1 | |
| Spirit Tower | 2 | |
| Black Citadel | 1 | |
| Slaughterhouse | 1 | |
| Sacrificial Pit | 1 | |
| Boneyard | 2 | |
21 total
» build order
00:20 Crypt
00:27 Graveyard
00:41 Ziggurat
01:01 Altar of Darkness
01:17 Ziggurat
02:12 Tomb of Relics
03:13 Nerubian Tower
03:49 Ziggurat
03:53 Ziggurat
04:28 Ziggurat
05:34 Halls of the Dead
05:35 Spirit Tower
08:28 Black Citadel
08:30 Slaughterhouse
08:37 Ziggurat
10:07 Ziggurat
10:08 Spirit Tower
11:45 Sacrificial Pit
12:42 Boneyard
12:47 Boneyard
16:53 Ziggurat
» items
| Rod of Necromancy | 1 | |
| Sacrificial Skull | 1 | |
| Dust of Appearance | 1 | |
| Scroll of Town Portal | 4 | |
| Potion of Healing | 1 | |
| Scroll of Healing | 1 | |
| Scroll of Protection | 1 | |
| Orb of Venom | 1 | |
11 total
tazer (
orange | 20 APM | 1083 actions | 53:12)
3 Demon Hunter
1 Immolation
2 Evasion
4 Keeper of the Grove
1 Entangling Roots
2 Force of Nature
1 Thorns Aura
» actions
| Basic commands | 57 | |
| Build / train | 67 | |
| ESC pressed | 3 | |
| Enter build submenu | 17 | |
| Enter hero's abilities submenu | 6 | |
| Right click | 550 | |
| Select / deselect | 328 | |
| Use ability | 45 | |
1083 total
» units
| Wisp | 14 | |
| Archer | 10 | |
| Dryad | 12 | |
| Druid of the Claw | 3 | |
39 total
» upgrades
| Strength of the Wild | 3 | |
| Reinforced Hides | 2 | |
| Abolish Magic | 1 | |
| Druid of the Claw Training | 2 | |
8 total
» buildings
| Altar of Elders | 1 | |
| Moon Well | 8 | |
| Ancient of War | 1 | |
| Ancient of Wonders | 1 | |
| Tree of Ages | 1 | |
| Hunter's Hall | 1 | |
| Ancient Protector | 1 | |
| Ancient of Lore | 3 | |
| Tree of Eternity | 1 | |
18 total
» build order
00:19 Altar of Elders
00:36 Moon Well
00:51 Ancient of War
01:10 Moon Well
01:42 Ancient of Wonders
03:48 Moon Well
04:21 Tree of Ages
05:19 Hunter's Hall
06:30 Ancient Protector
06:48 Ancient of Lore
06:51 Ancient of Lore
07:17 Moon Well
08:34 Moon Well
11:41 Moon Well
12:36 Tree of Eternity
16:48 Ancient of Lore
17:33 Moon Well
17:39 Moon Well
» items
| Scroll of Town Portal | 2 | |
| Dust of Appearance | 1 | |
3 total

»
redskins700 (
green | 49 APM | 982 actions | 20:13)
5 Archmage
3 Summon Water Elemental
1 Blizzard
1 Brilliance Aura
» actions
| Assign group hotkey | 30 | |
| Basic commands | 45 | |
| Build / train | 61 | |
| Enter build submenu | 19 | |
| Enter hero's abilities submenu | 6 | |
| Remove unit from queue | 4 | |
| Right click | 273 | |
| Select / deselect | 293 | |
| Select group hotkey | 214 | |
| Use ability | 37 | |
982 total
» units
| Peasant | 10 | |
| Rifleman | 17 | |
| Priest | 5 | |
| Siege Engine | 6 | |
38 total
» upgrades
| Gunpowder | 1 | |
| Long Rifles | 1 | |
| Armor | 3 | |
| Masonry | 2 | |
| Priest Training | 2 | |
| Barrage | 1 | |
10 total
» buildings
| Altar of Kings | 1 | |
| Farm | 8 | |
| Blacksmith | 1 | |
| Barracks | 1 | |
| Lumber Mill | 2 | |
| Keep | 1 | |
| Castle | 1 | |
| Arcane Sanctum | 1 | |
| Workshop | 2 | |
18 total
» build order
00:12 Altar of Kings
00:17 Farm
00:57 Blacksmith
01:20 Farm
01:48 Barracks
02:03 Lumber Mill
02:08 Lumber Mill
02:52 Keep
03:24 Farm
04:41 Farm
05:20 Farm
05:30 Castle
05:46 Arcane Sanctum
07:34 Farm
07:55 Workshop
08:17 Farm
09:05 Farm
09:08 Workshop
» items
Chat log
(00:05 / All) Clinton: wow low ELL game
(00:09 / Allies) tazer: well i bet
(00:13 / Allies) tazer: they're bringing the bms
(00:32 / All) GERALT-OF-RIVIA: trump better win i dont want ugly hilary to domiante
(00:51 / All) Clinton: Clintons are criminals
(00:54 / All) GERALT-OF-RIVIA: jk everyone have fun!
(01:58 / All) GERALT-OF-RIVIA: was us east down earlier for u guys? It was on diablo 2
(04:29 / Allies) tazer: red
(04:30 / Allies) tazer: come
(04:30 / Allies) tazer: man
(07:03 / Allies) tazer: red
(07:04 / Allies) tazer: come man
(07:05 / Allies) tazer: come w/me
(07:07 / Allies) tazer: to yellow
(07:35 / Allies) tazer: hes so far behind
(09:15 / Allies) Silver07: lol
(09:20 / Allies) GERALT-OF-RIVIA: wood plz
(09:42 / Allies) GERALT-OF-RIVIA: move green plz
(09:57 / Allies) Silver07: im b
(14:00 / Allies) tazer: ima make them tp
(14:02 / Allies) tazer: dont go
(14:06 / Allies) tazer: ]skp him
(14:10 / Allies) GERALT-OF-RIVIA: wood plz
(14:44 / Allies) GERALT-OF-RIVIA: qoos p
(14:45 / Allies) GERALT-OF-RIVIA: wood plz
(15:12 / Allies) tazer: red
(15:13 / Allies) tazer: gold?
(16:08 / Allies) Silver07: meet and attack
(16:15 / Allies) GERALT-OF-RIVIA: k
(17:19 / Allies) GERALT-OF-RIVIA: goog
(17:21 / Allies) GERALT-OF-RIVIA: hit purp
(17:59 / Allies) tazer: reD?
(18:00 / Allies) tazer: really
(18:14 / Allies) tazer: red killed me
(18:31 / Allies) Silver07: not me!!!
(18:36 / Allies) tazer: red
(18:37 / Allies) tazer: wtf man
(18:39 / Allies) tazer: c'mon dude
(18:46 / All) GERALT-OF-RIVIA: lol
(18:48 / Allies) Silver07: how old are you stupid!
(18:56 / All) GERALT-OF-RIVIA: pink made fun of my mother
(18:58 / All) GERALT-OF-RIVIA: i hate him
(18:59 / Allies) tazer: finally get a team that doesnt leave
(19:04 / All) Clinton: funny coincidence
(19:10 / All) Clinton: I'mfucking pink's mom right now
(19:12 / All) Clinton: she's a whore
(19:38 / Allies) tazer: fuck
(19:40 / Allies) tazer: this blows
(19:56 / All) Silver07: Qué tiene que ver mi madre ahueonao
(20:05 / Allies) tazer: red
(20:06 / All) Clinton: spic
(20:07 / Allies) tazer: c
(20:08 / Allies) tazer: c
(20:11 / Allies) tazer: c'mon dude
(20:16 / All) GERALT-OF-RIVIA: k
(20:17 / All) GERALT-OF-RIVIA: ill sotp
(20:18 / Allies) tazer: you got the game
(20:37 / All) GERALT-OF-RIVIA: god damn crystal balls
(21:21 / Allies) GERALT-OF-RIVIA: oj
(21:22 / Allies) GERALT-OF-RIVIA: come wiht me
(21:28 / Allies) tazer: w're fucked
(21:32 / Allies) GERALT-OF-RIVIA: no we arent i have edxpo
(21:38 / Allies) tazer: so?
(21:45 / Allies) tazer: purple will rape you
(21:46 / Allies) GERALT-OF-RIVIA: not blue idiot
(22:00 / Allies) GERALT-OF-RIVIA: ingore blue peons
(22:01 / Allies) GERALT-OF-RIVIA: ignore
(22:03 / Allies) tazer: purple is gonna rape
(22:30 / Allies) tazer: selfish
(22:37 / All) Clinton: lol?
(22:38 / All) GERALT-OF-RIVIA: HALL
(23:10 / Allies) tazer: i cant take this bro
(23:12 / Allies) tazer: im bout to be out
(23:15 / Allies) tazer: this game was such a rape
(23:17 / Allies) tazer: and you fucked it
(23:18 / Allies) tazer: hard
(23:25 / Allies) tazer: now they fuckign epxo
(23:56 / All) tazer: red is such a fucking asshole
(24:01 / All) Clinton: You suck
(24:03 / All) Clinton: You're an asshole
(24:06 / All) Clinton: Leave my game, asshole
(24:10 / All) Clinton: why are you still here? you lost
(24:11 / All) tazer: -haha
(24:23 / All) tazer: if you loose
(24:24 / All) GERALT-OF-RIVIA: told u oj
(24:25 / All) tazer: you blow
(24:27 / All) tazer: ill leave game
(24:29 / All) GERALT-OF-RIVIA: i raped purple teal 1v2
(24:38 / Allies) tazer: hes only expo
(24:52 / All) GERALT-OF-RIVIA: i RAPED PUPRLE teal 1v2
(24:56 / All) Clinton: easy
(25:02 / All) GERALT-OF-RIVIA: absolltely raped
(25:06 / All) GERALT-OF-RIVIA: give me credit oj
(25:30 / Allies) tazer: why you running
(25:30 / Allies) tazer: from blue
(25:34 / All) GERALT-OF-RIVIA: gonna finish purple moron
(26:31 / All) GERALT-OF-RIVIA: give me credit oj
(26:32 / All) GERALT-OF-RIVIA: i own
(26:50 / All) tazer: you aint ngonna win
(26:54 / All) GERALT-OF-RIVIA: 1v2
(26:55 / All) GERALT-OF-RIVIA: baby
(26:55 / All) Clinton: I already won gg
(26:59 / All) tazer: no upgrades
(27:02 / All) GERALT-OF-RIVIA: blue is noob!
(27:03 / All) Clinton: Red was only good player on your team
(27:10 / All) GERALT-OF-RIVIA: thx blue, same to u
(27:23 / All) tazer: io can tell by hi sname
(27:25 / All) tazer: hes shit
(27:31 / All) GERALT-OF-RIVIA: who?
(27:33 / All) Clinton: I'm a master backstabber
(27:47 / All) GERALT-OF-RIVIA: i just 1v3'd the enemy after orange kept saying PURP would own me
(27:53 / All) GERALT-OF-RIVIA: he gives me no credit
(28:14 / All) Clinton: they never do
(28:20 / All) Clinton: we're way better than everyone else in this match
(28:25 / All) Clinton: we have higher ell than them when we are 0-0
(28:32 / All) GERALT-OF-RIVIA: how about a "thank you" orange
(30:05 / All) GERALT-OF-RIVIA: gonna suicide my wyvern
(31:20 / All) GERALT-OF-RIVIA: get that weak shit out of here son
(31:58 / All) GERALT-OF-RIVIA: oj still hasnt given me credit
(33:00 / Allies) GERALT-OF-RIVIA: build up
(33:35 / Allies) GERALT-OF-RIVIA: make well so u can tavern rez
(34:43 / All) Clinton: wait
(34:46 / All) Clinton: tauren
(34:54 / All) GERALT-OF-RIVIA: wat
(35:03 / All) Clinton: thought it wasn't going to pop
(35:19 / All) Clinton: The orcs and tauren and trolls are having a meeting
(35:30 / All) Clinton: true diversity here
(35:33 / All) Clinton: and co-operation
(35:38 / All) Clinton: OH shit nvm the orc killed the tauren
(36:04 / All) GERALT-OF-RIVIA: 2 crystall balls what a joke
(37:34 / All) GERALT-OF-RIVIA: owned son
(37:50 / All) GERALT-OF-RIVIA: it was fair cuz u had towers
(38:46 / All) GERALT-OF-RIVIA: lawl
(39:00 / All) GERALT-OF-RIVIA: just sh vs dh now
(39:48 / All) GERALT-OF-RIVIA: do it purp rez!
(39:51 / All) GERALT-OF-RIVIA: hero battle
(40:03 / All) Clinton: Purp is a noobie
(44:25 / Allies) tazer: -haha
(44:26 / Allies) tazer: pahetic
(44:29 / Allies) tazer: he beat ur ass
(44:33 / All) GERALT-OF-RIVIA: oj says this is pathetic
(44:37 / All) GERALT-OF-RIVIA: that u beat my asslol
(44:42 / All) Silver07: jaja
(44:43 / All) GERALT-OF-RIVIA: he is too stupid to realize ur doing the same thing
(44:46 / All) Clinton: gl noobs
(45:02 / Allies) tazer: blue owned ur pathetic asss
(45:35 / All) GERALT-OF-RIVIA: blue already said i was the best player on my team
(45:44 / All) Clinton: My team is all 0/0 no way to make anything or attack wtf
(45:53 / All) Clinton: Yeah you were way better than anyone else on your noob team
(47:14 / Allies) tazer: no gold there anyway
(47:16 / Allies) tazer: you suck
(47:17 / Allies) tazer: -haha
(47:19 / All) GERALT-OF-RIVIA: lawl
(47:23 / All) GERALT-OF-RIVIA: oj is talking trash to me
(47:26 / Allies) tazer: thats why you suicide
(47:29 / Allies) tazer: you cant win
(47:33 / Allies) tazer: exactly what i said
(48:00 / Allies) tazer: yo usuck
(48:02 / Allies) tazer: -haha
(48:04 / Allies) tazer: fucking pathetic
(48:11 / All) GERALT-OF-RIVIA: lol
(48:13 / All) GERALT-OF-RIVIA: oj mad
(48:16 / Allies) tazer: you cant win
(48:16 / All) GERALT-OF-RIVIA: brazil jaja
(48:17 / Allies) tazer: im not really
(48:20 / Allies) tazer: just funny
(48:21 / All) Clinton: jajaja
(48:22 / Allies) tazer: you couldnt win
(48:23 / All) Clinton: huehuehue!
(48:25 / All) GERALT-OF-RIVIA: jaja
(48:27 / All) GERALT-OF-RIVIA: america #1
(48:29 / All) GERALT-OF-RIVIA: trump #1
(48:34 / Allies) tazer: for sure
(48:44 / All) Clinton: US is the greatest country to ever grace this earth orange
(48:49 / All) GERALT-OF-RIVIA: i 1v3'd blue's team and he still says i suck lawl
(50:02 / All) GERALT-OF-RIVIA: how does it feel orange and pink, to know im the better player
(51:54 / All) GERALT-OF-RIVIA: I will "Give" you the win if you guys gift me a game on steam
(52:13 / All) GERALT-OF-RIVIA: k oj left
(52:16 / All) GERALT-OF-RIVIA: pink i mean
(52:19 / All) GERALT-OF-RIVIA: i kill shnow
(52:29 / All) GERALT-OF-RIVIA: it'll be purple vs orange for the championship
(52:42 / All) GERALT-OF-RIVIA: best internet connection wins
(52:46 / All) Clinton: bad luck
(52:48 / All) Clinton: don't have fun
(53:10 / All) GERALT-OF-RIVIA: red > OJ lawl